Map: Odyssey LE

Players

MDHcool

  • Race: Terran Terran
  • Spawn Location: 11:00

SamuraiFunn - Winner!

  • Race: Protoss Protoss
  • League: Platinum
  • Spawn Location: 5:00

VOD

Have the link to the VOD?

Description

Time

  • Played on: Nov. 26, 2017, 3:43 p.m.
  • Length: 14:55
Show
View Real Time Build Order
Export as new Build Order

MDHcool Terran 

Build Orders:  

Get SALT Encoding   

  12  0:03  SCV  
  13  0:15  Supply Depot  
  13  0:26  SCV  
  14  0:38  SCV  
  15  0:43  Barracks  
  15  0:50  SCV  
  16  1:02  SCV  
  17  1:14  SCV  
  18  1:31  Marine  
  19  1:35  Supply Depot  
  19  1:38  Refinery  
  19  1:48  Marine  
  19  1:49  Command Center  
  20  1:56  Orbital Command  
  19  2:43  Factory  
  19  2:49  Marine  
  20  3:01  Engineering Bay  
  20  3:07  Marine  
  21  3:13  SCV  
  21  3:14  Bunker  
  21  3:16  SCV  
  23  3:24  Marine  
  23  3:25  SCV  
  25  3:28  SCV, Terran Infantry Armor Level 1  
  26  3:35  Missile Turret  
  26  3:38  SCV  
  26  3:40  SCV  
  28  3:42  Marine  
  29  3:50  SCV  
  29  3:52  SCV  
  31  3:57  Starport  
  31  4:00  Marine  
  31  4:02  SCV  
  33  4:03  Factory Tech Lab  
  33  4:14  Refinery  
  33  4:19  Refinery  
  33  4:35  Orbital Command  
  33  4:52  Siege Tank  
  36  5:03  Marine  
  37  5:21  Medivac, Marine  
  40  5:30  Barracks  
  40  5:39  Marine  
  41  5:47  Siege Tank  
  44  5:57  SCV, Marine  
  46  6:09  SCV  
  47  6:12  Armory  
  47  6:14  Marine  
  48  6:19  Starport Reactor  
  48  6:20  Barracks Tech Lab  
  49  6:25  SCV  
  49  6:27  SCV  
  49  6:32  Marine  
  50  6:39  Supply Depot  
  52  6:40  SCV  
  52  6:50  Marine  
  52  6:52  SCV  
  54  6:57  Missile Turret  
  54  7:02  Supply Depot  
  54  7:04  SCV  
  54  7:08  Marine  
  56  7:09  Sensor Tower  
  56  7:13  Terran Vehicle Weapons Level 1  
  56  7:26  Marine  
  57  7:30  Siege Tank  
  57  7:32  Medivac  
  57  7:33  Marine  
  63  7:43  Marine  
  64  7:50  Marine  
  65  8:00  Supply Depot  
  65  8:01  Marine  
  65  8:02  Supply Depot, Siege Tank  
  69  8:08  Marine  
  70  8:19  Marine  
  71  8:26  Marine  
  72  8:28  Supply Depot  
  72  8:32  Supply Depot  
  72  8:34  Siege Tank  
  72  8:37  Marine  
  76  8:44  Marine  
  76  9:06  Siege Tank  
  76  9:07  Terran Vehicle And Ship Armor Level 1  
  79  9:24  Terran Infantry Weapons Level 1  
  79  9:28  Refinery  
  79  9:32  Armory  
  79  9:39  Siege Tank  
  82  9:57  Supply Depot  
  82  10:08  Marine  
  82  10:11  Siege Tank  
  86  10:19  Medivac x2  
  90  10:26  Marine  
  85  10:43  Siege Tank  
  85  10:44  Marine  
  86  11:02  Marine, Terran Ship Weapons Level 1  
  87  11:16  Siege Tank  
  90  11:19  Marine  
  89  11:40  Sensor Tower  
  89  11:56  Missile Turret  
  89  12:01  Missile Turret  
  50  13:02  Missile Turret  
  50  13:09  Marine  
  51  13:16  Barracks  
  50  13:27  Marine  
  50  14:11  Supply Depot, Marine  
Show
View Real Time Build Order
Export as new Build Order

SamuraiFunn Protoss - Winner!

Build Orders:  

Get SALT Encoding   

  12  0:01  Probe  
  13  0:13  Probe  
  14  0:25  Probe, Pylon  
  15  0:43  Probe  
  15  0:45  Gateway  
  16  0:55  Probe (Chrono Boost)  
  16  0:56  Assimilator  
  17  1:00  Pylon  
  17  1:07  Probe (Chrono Boost)  
  18  1:13  Probe (Chrono Boost)  
  19  1:21  Probe  
  19  1:25  Gateway  
  20  1:33  Probe  
  21  1:44  Assimilator  
  21  1:46  Zealot  
  23  1:57  Cybernetics Core  
  23  2:12  Probe  
  24  2:20  Zealot x2  
  28  2:24  Probe  
  29  2:33  Nexus  
  29  2:47  Sentry  
  29  2:48  Pylon  
  31  3:06  Adept  
  31  3:07  Probe  
  34  3:17  Pylon  
  34  3:18  Gateway  
  34  3:24  Probe  
  35  3:27  Warp Gate (Chrono Boost)  
  35  3:29  Robotics Facility  
  35  3:48  Probe x2  
  37  4:01  Probe x2  
  39  4:04  Assimilator  
  39  4:05  Assimilator  
  39  4:15  Stalker x2, Twilight Council  
  39  4:16  Stalker  
  45  4:26  Observer  
  46  4:33  Probe  
  46  4:34  Probe  
  48  4:45  Probe  
  49  4:46  Probe  
  49  4:48  Gateway  
  49  4:50  Observer  
  51  5:00  Pylon  
  51  5:03  Pylon  
  51  5:19  Pylon  
  51  5:25  Probe x2  
  51  5:28  Stalker x3  
  55  5:35  Blink (Chrono Boost)  
  59  5:38  Probe  
  60  6:00  Probe x2  
  60  6:02  Stalker x3  
  68  6:22  Dark Shrine  
  68  6:52  Pylon  
  68  7:10  Stalker  
  68  7:11  Stalker x3  
  76  7:16  Charge  
  76  7:19  Pylon  
  76  7:27  Gateway x2  
  76  7:29  Gateway  
  76  7:32  Templar Archives  
  76  7:39  Probe x2  
  78  7:59  Nexus  
  78  8:02  Pylon  
  78  8:03  Pylon  
  78  8:07  Probe x2  
  80  8:21  Warp Prism  
  82  8:27  Dark Templar x4  
  82  8:31  Dark Templar  
  92  8:40  Dark Templar  
  92  8:41  Dark Templar  
  96  8:44  Probe x2  
  98  8:56  Probe  
  98  8:57  Probe  
  100  9:08  Probe  
  101  9:45  Dark Templar x5  
  107  9:46  Dark Templar x2  
  113  10:02  Probe x2  
  115  10:11  Warp Prism  
  117  10:14  Probe x2  
  119  10:45  Dark Templar x5  
  119  10:46  Dark Templar x2  
  109  11:38  Dark Templar  
  109  11:39  Dark Templar x4  
  119  11:40  Dark Templar  
  107  12:12  Dark Templar x3  
  107  12:15  Zealot x4  
  83  12:50  Zealot x3  
  83  12:51  Zealot  
  91  12:52  Zealot  
  93  13:04  Zealot x2  
  95  13:14  Zealot  
  95  13:15  Zealot  
  95  13:16  Dark Templar x3  
  93  14:16  Stalker  
  93  14:17  Stalker x6  
  89  14:42  Stalker  
  89  14:43  Stalker x4  
  89  14:44  Stalker x2  
Tags
 
League
Platinum
Matchup
PvT
Replay Pack
First 100 games
Spawn Locations
Cross Positions
Add a new tag
Caveats
  • Supply blocks, unpowered buildings, or Contaminate may cause inaccurate times.
  • Supply counts are checked every 10 seconds.